 Dungeon Crawl Stone Soup version 0.13-a0-2923-g04ac8d1 (webtiles) character file.

222 PolkaDot the Ruinous (level 4, -1/28 HPs)
             Began as a Vampire Wizard on Sept 2, 2013.
             Slain by an orc
             ... wielding a +2,+2 orcish hand axe of electrocution
              (16 damage)
             ... on Level 3 of the Dungeon.
             The game lasted 00:10:20 (1900 turns).

PolkaDot the Ruinous (Vampire Wizard)               Turns: 1900, Time: 00:10:20

HP  -1/28        AC  4     Str  6      XL: 4   Next: 38%
MP   6/12        EV 12     Int 21      God:
Gold 128         SH  0     Dex 12      Spells:  3 memorised,  2 levels left

Res.Fire  : . . .   See Invis. : +   k - +2,+0 elf dagger
Res.Cold  : . . .   Warding    : .   a - +0 robe
Life Prot.: + . .   Conserve   : .   (no shield)
Res.Poison: .       Res.Corr.  : .   b - +0 wizard hat
Res.Elec. : .       Clarity    : .   r - +1 cloak
Sust.Abil.: . .     Spirit.Shd : .   (no gloves)
Res.Mut.  : .       Stasis     : .   (no boots)
Res.Rott. : .       Flight     : .   (no amulet)
Saprovore : . . .                    x - ring of positive energy {unknown}
                                     o - ring of protection from magic {unknown}

@: regenerating very quickly, somewhat resistant to hostile enchantments,
stealthy
A: fangs 3, see invisible, unbreathing
a: no special abilities


You were on level 3 of the Dungeon.
You were almost alive.

You visited 1 branch of the dungeon, and saw 3 of its levels.

You collected 108 gold pieces.

Inventory:

Hand weapons
 k - a +2,+0 elven dagger (weapon)
Armour
 a - a +0 robe (worn)
 b - a +0 wizard hat (worn)
 r - a +1 cloak (worn)
Magical devices
 y - a wand of invisibility (4) {unknown}
Scrolls
 e - 3 scrolls of teleportation {unknown}
 f - a scroll of magic mapping {unknown}
 g - a scroll of identify {unknown}
 h - a scroll of enchant armour {unknown}
 i - 2 scrolls of amnesia {unknown}
 l - a scroll of fear {unknown}
 n - a scroll of fog {unknown}
 s - a scroll of noise {unknown}
 t - 2 scrolls of remove curse {unknown}
 w - a scroll of curse armour {unknown}
Jewellery
 o - a ring of protection from magic (left hand) {unknown}
 x - a ring of positive energy (right hand) {unknown}
Potions
 d - a potion of blood
 j - a potion of might {unknown}
 m - a potion of mutation {unknown}
 p - a potion of invisibility {unknown}
 q - 3 potions of curing {unknown}
 u - a potion of agility {unknown}
 v - a potion of brilliance {unknown}
Books
 c - a book of Minor Magic

   Spells                             Type                      Level
   *Magic Dart                        Conjuration                  1
   Blink                              Translocation                2
   Call Imp                           Summoning                    2
   Repel Missiles                     Charms/Air                   2
   Slow                               Hexes                        2
   *Conjure Flame                     Conjuration/Fire             3
   *Mephitic Cloud                    Conjuration/Poison/Air       3


   Skills:
 - Level 2.1 Dodging
 - Level 3.0 Stealth
 - Level 3.0 Spellcasting
 * Level 3.2 Conjurations
   Level 1.0 Summonings
   Level 0.7 Translocations


You had 2 spell levels left.
You knew the following spells:

 Your Spells              Type           Power        Failure   Level  Hunger
a - Magic Dart            Conj           ###.         4%          1    None
d - Mephitic Cloud        Conj/Pois/Air  #.......     30%         3    ###....
s - Conjure Flame         Conj/Fire      #.......     24%         3    ###....


Dungeon Overview and Level Annotations

Branches:
Dungeon (3/27)

Altars:


Innate Abilities, Weirdness & Mutations

Your natural rate of healing is extremely fast.
You have razor-sharp teeth.*
You have supernaturally acute eyesight.
You can survive without breathing.*


Message History

Press: ? - help, Shift-Dir - straight line, f - orc
Aim: an orc, wielding a runed orcish hand axe and wearing a glowing orcish chain mail The magic dart hits the orc.
The orc closely misses you.
The orc barely misses the orc priest.
Casting: Magic Dart
Confirm with . or Enter, or press ? or * to list all spells.
Aiming: Mephitic Cloud
Press: ? - help, Shift-Dir - straight line, f/p - orc
Aim: an orc, wielding a runed orcish hand axe and wearing a glowing orcish chain mail The beam explodes into a vile cloud!
The stinking cloud engulfs the orc.
The stinking cloud engulfs you!
The stinking cloud engulfs the orc priest.
The orc priest is engulfed in noxious fumes.
The orc priest appears confused.
The orc shouts, "What's happening?!"
The orc hits itself.
The orc hits you with a runed orcish hand axe.
You are electrocuted!
Ouch! That really hurt!
You die...

########...#####
#............###.#
#.#####...<......#.. #.#
##.....###.... #.# ##...## #.#
#.# ##.## ... #.## ####.#######.#
#..## #.....o....#.####### .
#...###.......##@#... ...####...
.....##.......##o#.####.........
..<...#.......#.o§..o.o.........
.....##.......#.o#o.###..%....>..
#.....#)......(.....# #..####...
##..#..%%........#..###..#
##.#########.#..#......## #.#
##.##.#..#.#..### ##.##
##...#.#.......#


You could see 2 orc priests, an orc wizard (confused) and 2 orcs.

Vanquished Creatures
  3 adders
  A worm (D:2)
  3 giant geckos
  An ooze (D:3)
  An orc (D:3)
  2 ball pythons
  9 bats
  A giant cockroach (D:1)
  7 goblins
  4 hobgoblins
  7 jackals
  9 kobolds
  2 quokkas (D:2)
  2 giant newts (D:1)
  4 rats
56 creatures vanquished.

Notes
Turn   | Place    | Note
--------------------------------------------------------------
     0 | D:1      | PolkaDot, the Vampire Wizard, began the quest for the Orb.
     0 | D:1      | Reached XP level 1. HP: 11/11 MP: 6/6
   117 | D:1      | Reached skill level 1 in Conjurations
   208 | D:1      | Reached XP level 2. HP: 12/17 MP: 2/8
   903 | D:2      | Reached XP level 3. HP: 22/22 MP: 6/10
  1221 | D:2      | Learned a level 3 spell: Conjure Flame
  1225 | D:2      | Learned a level 3 spell: Mephitic Cloud
  1604 | D:3      | Reached XP level 4. HP: 28/28 MP: 9/12
  1900 | D:3      | Slain by an orc

Action                   |  1- 3 |  4- 6 || total
-------------------------+-------+-------++-------
Melee: Unarmed           |    22 |       ||    22
       Dagger            |    28 |    24 ||    52
 Cast: Magic Dart        |    88 |    23 ||   111
       Conjure Flame     |     1 |     1 ||     2
       Mephitic Cloud    |       |     3 ||     3
 Stab: Confused          |       |     1 ||     1
